 Dungeon Crawl Stone Soup version 0.31-a0-221-gbddc013574 (webtiles) character file.

Game seed: 11826500300083891724

58 Anon1729 the Trooper (level 3, 0/33 HPs)
             Began as a Minotaur Monk on July 4, 2023.
             Slain by an orc priest
             ... wielding a +0 war axe
              (4 damage)
             ... on level 4 of the Dungeon.
             The game lasted 00:00:48 (1667 turns).

Anon1729 the Trooper (Minotaur Monk)                Turns: 1667, Time: 00:00:49

Health: 0/33       AC: 10    Str: 21    XL:     3   Next: 75%
Magic:  2/2        EV:  7    Int:  7    God:
Gold:   13         SH:  0    Dex: 14    Spells: 2/2 levels left

rFire   . . .        a - +0 short sword
rCold   . . .        d - orb {light}
rNeg    . . .        n - +0 plate armour
rPois   .            (helmet restricted)
rElec   .            (no cloak)
rCorr   .            (no gloves)
SInv    .            (no boots)
Will    .....        (no amulet) Stlth
                     j - +6 ring of strength
HPRegen 0.25/turn    (no ring)
MPRegen 0.08/turn

%: no passive effects
@: glowing
A: horns 2, retaliatory headbutt
a: no special abilities


You were on level 4 of the Dungeon.
You visited 1 branch of the dungeon, and saw 4 of its levels.

You collected 97 gold pieces.
You spent 84 gold pieces at shops.

Inventory:

Hand Weapons
 a - a +0 short sword (weapon)
Armour
 b - a +0 robe
 d - an orb of light (worn)
 n - a +0 plate armour (worn)
Jewellery
 j - a +6 ring of strength (left hand)
 o - the amulet of the Dragon {Faith +Blink rC- rN+ Str+5}
   (You found it on level 2 of the Dungeon)

   [amulet of faith]

   It allows you to gain divine favour quickly.
   Str:       It affects your strength (+5).
   rC:        It makes you vulnerable to cold.
   rN:        It protects you from negative energy.
   +Blink:    It lets you blink.
Scrolls
 e - a scroll of immolation {unknown}
 f - a scroll of teleportation {unknown}
 k - 2 scrolls of amnesia {unknown}
 l - a scroll of identify {unknown}
 m - 2 scrolls of fog {unknown}
 q - 2 scrolls of enchant armour {unknown}
Potions
 c - a potion of ambrosia
 g - a potion of brilliance {unknown}
 h - a potion of enlightenment {unknown}
 i - 2 potions of curing {unknown}
 p - a potion of might {unknown}


   Skills:
 + Level 4.1 Fighting
 + Level 3.7 Short Blades
 + Level 1.6 Armour
 + Level 3.7 Dodging
 + Level 1.2 Invocations


You had 2 spell levels left.
You didn't know any spells.
Your spell library contained the following spells:

 Spells                   Type           Power      Damage    Failure   Level
 Slow                     Hex            0%         N/A       100%        1
 Confusing Touch          Hex            0%         N/A       100%        3
 Vampiric Draining        Necr           0%         2d6       100%        3


Dungeon Overview and Level Annotations

Branches:
Dungeon (4/15)
 Temple: D:4-7

Altars:
Zin

Shops:
D:2 *


Innate Abilities, Weirdness & Mutations

You have a pair of horns on your head.
You reflexively headbutt those who attack you in melee.


Message History

The orc priest is moderately wounded.
The orc priest hits you but does no damage.
The orc hits you but does no damage.
You barely miss the orc priest. Your headbutt misses the orc priest.
The orc priest is moderately wounded.
You hit the orc priest but do no damage.
You headbutt the orc priest.
The orc priest is heavily wounded.
The orc priest hits you with a +0 war axe.
An orc comes into view. It is wielding a +0 morningstar.
The orc hits you but does no damage.
You hit the orc priest but do no damage.
The orc priest is heavily wounded.
The orc hits you but does no damage.
The orc priest hits you with a +0 war axe.
You hit the orc priest but do no damage.
The orc priest is heavily wounded.
The orc hits you but does no damage. The orc hits you with a +0 club.
You hit the orc priest.
You headbutt the orc priest, but do no damage.
The orc priest is heavily wounded.
The orc hits you but does no damage.
The orc priest hits you with a +0 war axe.
The orc hits you with a +0 morningstar. The orc hits you but does no damage.
You hit the orc priest but do no damage.
You headbutt the orc priest.
The orc priest is severely wounded.
You hit the orc priest.
The orc priest is severely wounded.
The orc hits you but does no damage.
The orc priest begins to cast a cantrip, but forgets the words!
The orc hits you with a +0 morningstar!
* * * LOW HITPOINT WARNING * * *
The orc closely misses you.
You hit the orc priest.
The orc priest is almost dead.
The orc hits you with a +0 whip.
* * * LOW HITPOINT WARNING * * *
The orc priest hits you with a +0 war axe.
You die...

≈.......# .#.<....
..≈.....####......
.≈≈...............
............#...
.≈≈..<.....(....
..≈....)..#....
≈.........###..
≈≈........####.
.....#..o@o..#
..#..####oo.....#
####. #.....(##
.........
#.....#.. #..#..#
. ...#... ..###...


You could see an orc priest and 3 orcs.

Vanquished Creatures
  An adder (D:2)
  A worm (D:2)
  2 dart slugs
  3 ball pythons
  4 endoplasms (D:1)
  2 giant cockroaches
  6 goblins
  5 hobgoblins
  2 jackals (D:1)
  A quokka (D:3)
  4 bats
  3 frilled lizards (D:1)
  2 kobolds
  4 rats
40 creatures vanquished.

Notes
Turn   | Place    | Note
-------+----------+-------------------------------------------
     0 | D:1      | Anon1729 the Minotaur Monk began the quest for the Orb.
     0 | D:1      | Reached XP level 1. HP: 19/19 MP: 0/0
   182 | D:1      | Reached XP level 2. HP: 27/27 MP: 1/1
   264 | D:1      | Reached skill level 1 in Armour
   454 | D:1      | Reached XP level 3. HP: 25/33 MP: 2/2
   526 | D:1      | Reached skill level 4 in Fighting
   526 | D:1      | Reached skill level 1 in Invocations
  1046 | D:2      | Identified the amulet of the Dragon {Faith +Blink rC- rN+
                  | Str+5}
  1283 | D:2      | Found a faded altar of an unknown god.
  1420 | D:2      | Found Qifigeur's Assorted Antiques.
  1428 | D:2      | Bought a scroll labelled RUEKEE RICS for 28 gold pieces
  1428 | D:2      | Bought a scroll labelled RUEKEE RICS for 28 gold pieces
  1428 | D:2      | Bought a scroll labelled JAZAUS ARRONK for 28 gold pieces
  1583 | D:3      | You fall into a shaft and drop 1 floor!
  1617 | D:4      | Found a glowing silver altar of Zin.
  1667 | D:4      | Slain by an orc priest

Illustrated notes

Levels and vault maps discovered:
D:1:      dpeg_arrival_round_c, layout_basic
D:2:      layout_loops_ring, serial_shops, nicolae_shop_statue_plus,
          hellmonk_ecumenical_altar_inner_sanctum
D:3:      layout_basic, minmay_fractal_squares_5
D:4:      minmay_chambers_of_fours, layout_cave_pools, zin_scriptorium,
          nicolae_gozag_zags_fifth_avenue, mainiacjoe_overflow_small_starburst,
          minmay_temple_entry_sparse_star, nicolae_shop_vocational,
          uniq_grinder, uniq_duvessa

Skill      XL: |  1  2  3 |
---------------+----------+-----
Armour         | 1 |  1.6
Fighting       | 4 |  4.1
Invocations    | 1 |  1.2
Short Blades   | |  3.7
Dodging        | |  3.7

Action                     || total
---------------------------++-------
  Melee: Short sword       ||    77
         Headbutt          ||    27
 Armour: Robe              ||     6
         Plate armour      ||    21
  Dodge: Dodged            ||    33

Table legend: (Time is in decaauts)
 A = Elapsed time spent in this place.
 B = Non-inter-level travel time spent in this place.
 C = Inter-level travel time spent in this place.
 D = Time resting spent in this place.
 E = Time spent auto-exploring this place.
 F = Levels seen in this place.
 G = Mean time per level.
                   A        B        C        D        E       F      G
               +--------+--------+--------+--------+--------+-----+--------+
         Total |   1652 |   1526 |    126 |      0 |   1333 |   4 |  413.0 |
       Dungeon |   1652 |   1526 |    126 |      0 |   1333 |   4 |  413.0 |
               +--------+--------+--------+--------+--------+-----+--------+

Top non-repeatable levels by time:
     D:1: 828 daAuts
     D:2: 690 daAuts
     D:4: 81 daAuts
     D:3: 52 daAuts
